% Time on Ice - WINNIPEG BEAVERS
Lines # - Real PCT - Wanted PCT - Time Play
Normal Forward
1 - 29% - 35% - 13:55
2 - 32% - 32% - 15:45
3 - 24% - 27% - 11:42
4 - 15% - 6% - 7:17
Normal Defense
1 - 30% - 32% - 14:27
2 - 36% - 31% - 17:27
3 - 30% - 31% - 14:43
4 - 4% - 6% - 2:02
PP Forward
1 - 48% - 51% - 1:50
2 - 52% - 49% - 2:00
PP Defense
1 - 48% - 52% - 1:51
2 - 52% - 48% - 1:59
PK Forward
1 - 46% - 50% - 3:26
2 - 54% - 50% - 4:05
PK Defense
1 - 59% - 53% - 4:25
2 - 41% - 47% - 3:06
PK3 Forward
1 - 0% - 50%
2 - 0% - 50%
PK3 Defense
1 - 0% - 50%
2 - 0% - 50%
44 Forward
1 - 0% - 50%
2 - 0% - 50%
44 Defense
1 - 0% - 50%
2 - 0% - 50%
Last Minute Offensive  - 0:00
Last Minute Defensive  - 0:00
Total
Forward - 60:00
Defense - 60:00
% Time on Ice - SASKATOON DUCKS
Lines # - Real PCT - Wanted PCT - Time Play
Normal Forward
1 - 35% - 36% - 16:52
2 - 34% - 36% - 16:39
3 - 25% - 22% - 11:57
4 - 7% - 6% - 3:11
Normal Defense
1 - 39% - 40% - 18:46
2 - 35% - 36% - 17:05
3 - 26% - 24% - 12:48
4 - 0% - 0% - 0:00
PP Forward
1 - 59% - 55% - 4:26
2 - 41% - 45% - 3:05
PP Defense
1 - 56% - 55% - 4:13
2 - 44% - 45% - 3:18
PK Forward
1 - 56% - 55% - 2:08
2 - 44% - 45% - 1:42
PK Defense
1 - 42% - 55% - 1:36
2 - 58% - 45% - 2:14
PK3 Forward
1 - 0% - 55%
2 - 0% - 45%
PK3 Defense
1 - 0% - 55%
2 - 0% - 45%
44 Forward
1 - 0% - 55%
2 - 0% - 45%
44 Defense
1 - 0% - 55%
2 - 0% - 45%
Last Minute Offensive  - 0:00
Last Minute Defensive  - 0:00
Total
Forward - 60:00
Defense - 60:00
Play-by-Play 1st period 0:01 of 1st period - Jake Guentzel wins face-off versus Joe Pavelski in neutral zone. 0:18 of 1st period - Shot by Samuel Girard. 0:18 of 1st period - Shot Blocked by Rasmus Ristolainen. 0:20 of 1st period - Shot by Jake Guentzel. 0:20 of 1st period - Shot Misses the Net. 0:46 of 1st period - Shot by Joe Pavelski. 0:46 of 1st period - Stopped by Jordan Binnington without a rebound. 0:47 of 1st period - Ryan Strome wins face-off versus David Krejci in SASKATOON DUCKS zone. 0:47 of 1st period - Artemi Panarin is hit by Brandon Tanev and loses puck. 1:07 of 1st period - Ondrej Palat is hit by Andrej Sekera and loses puck. 1:17 of 1st period - Ondrej Palat is hit by Andrej Sekera. 1:20 of 1st period - Icing by Andrej Sekera. 1:21 of 1st period - Ryan Strome wins face-off versus Jason Dickinson in SASKATOON DUCKS zone. 1:34 of 1st period - Shot by Travis Zajac. 1:34 of 1st period - Stopped by Jordan Binnington with a rebound. 1:36 of 1st period - Shot by Travis Zajac. 1:36 of 1st period - Stopped by Jordan Binnington without a rebound. 1:37 of 1st period - Derick Brassard wins face-off versus Sean Kuraly in SASKATOON DUCKS zone. 1:37 of 1st period - Derick Brassard is hit by Brett Ritchie. 2:20 of 1st period - Justin Braun is hit by Zach Bogosian and loses puck. 3:09 of 1st period - Shot by Travis Zajac. 3:09 of 1st period - Stopped by Jordan Binnington with a rebound. 3:11 of 1st period - Shot by Jason Dickinson. 3:11 of 1st period - Shot Misses the Net. 3:23 of 1st period - Icing by Kris Russell. 3:24 of 1st period - Ryan Strome wins face-off versus David Krejci in WINNIPEG BEAVERS zone. 3:42 of 1st period - Shot by Anthony Duclair. 3:42 of 1st period - Shot Misses the Net. 3:50 of 1st period - Shot by Artemi Panarin. 3:50 of 1st period - Stopped by Logan Thompson without a rebound. 3:51 of 1st period - Sidney Crosby wins face-off versus Joe Pavelski in WINNIPEG BEAVERS zone. 3:56 of 1st period - Shot by William Nylander. 3:56 of 1st period - Deflect By Jake Guentzel. 3:56 of 1st period - Shot Misses the Net. 3:58 of 1st period - Shot by Alex Goligoski. 3:58 of 1st period - Shot Misses the Net. 4:00 of 1st period - Shot by Alex Goligoski. 4:00 of 1st period - Shot Misses the Net. 4:58 of 1st period - Joe Pavelski is hit by Ryan Strome and loses puck. 5:07 of 1st period - Shot by Artemi Panarin. 5:07 of 1st period - Shot Misses the Net. 6:33 of 1st period - Icing by Alex Goligoski. 6:34 of 1st period - Jason Dickinson wins face-off versus Jake Guentzel in SASKATOON DUCKS zone. 6:44 of 1st period - Off-side. 6:45 of 1st period - Sean Kuraly wins face-off versus Ryan Strome in neutral zone. 7:22 of 1st period - Shot by Artemi Panarin. 7:22 of 1st period - Deflect By Ryan Strome. 7:22 of 1st period - Stopped by Logan Thompson without a rebound. 7:23 of 1st period - Travis Zajac wins face-off versus Sidney Crosby in WINNIPEG BEAVERS zone. 7:56 of 1st period - Off-side. 7:57 of 1st period - David Krejci wins face-off versus Derick Brassard in neutral zone. 8:18 of 1st period - Icing by Kailer Yamamoto. 8:19 of 1st period - Sean Kuraly wins face-off versus Blake Comeau in SASKATOON DUCKS zone. 9:05 of 1st period - Nikita Zadorov is hit by Brett Ritchie and loses puck. 9:28 of 1st period - Icing by Kailer Yamamoto. 9:29 of 1st period - Derick Brassard wins face-off versus Travis Zajac in SASKATOON DUCKS zone. 10:29 of 1st period - Off-side. 10:30 of 1st period - Joe Pavelski wins face-off versus Sidney Crosby in neutral zone. 10:51 of 1st period - Shot by Joe Pavelski. 10:51 of 1st period - Shot Misses the Net. 10:58 of 1st period - Minor Penalty to Rasmus Ristolainen for Tripping. 10:59 of 1st period - Sidney Crosby wins face-off versus Sean Kuraly in WINNIPEG BEAVERS zone. 13:25 of 1st period - Shot by Joe Pavelski. 13:25 of 1st period - Stopped by Jordan Binnington without a rebound. 13:26 of 1st period - Travis Zajac wins face-off versus Ryan Strome in SASKATOON DUCKS zone. 13:45 of 1st period - Shot by Anthony Duclair. 13:45 of 1st period - Stopped by Logan Thompson with a rebound. 13:47 of 1st period - Shot by Anthony Duclair. 13:47 of 1st period - Shot Misses the Net. 13:49 of 1st period - Shot by Andrej Sekera. 13:49 of 1st period - Shot Misses the Net. 13:51 of 1st period - Shot by Ryan Strome. 13:51 of 1st period - Goal by Ryan Strome - WINNIPEG BEAVERS : 0 - SASKATOON DUCKS : 1. 13:52 of 1st period - Joe Pavelski wins face-off versus Sidney Crosby in neutral zone. 14:01 of 1st period - Shot by Sidney Crosby. 14:01 of 1st period - Shot Misses the Net. 14:16 of 1st period - Shot by William Nylander. 14:16 of 1st period - Stopped by Logan Thompson without a rebound. 14:17 of 1st period - David Krejci wins face-off versus Derick Brassard in WINNIPEG BEAVERS zone. 14:21 of 1st period - Icing by Ondrej Palat. 14:22 of 1st period - Ryan Strome wins face-off versus David Krejci in WINNIPEG BEAVERS zone. 14:37 of 1st period - Shot by Brandon Tanev. 14:37 of 1st period - Shot Misses the Net. 14:39 of 1st period - Shot by Brandon Tanev. 14:39 of 1st period - Shot Blocked by Anthony Duclair. 14:41 of 1st period - Shot by Ian Cole. 14:41 of 1st period - Shot Blocked by Samuel Girard. 15:16 of 1st period - Icing by Ondrej Palat. 15:17 of 1st period - David Krejci wins face-off versus Sidney Crosby in WINNIPEG BEAVERS zone. 17:18 of 1st period - Icing by Kailer Yamamoto. 17:19 of 1st period - Joe Pavelski wins face-off versus Blake Comeau in SASKATOON DUCKS zone. 17:22 of 1st period - Shot by Brad Marchand. 17:22 of 1st period - Deflect By Joe Pavelski. 17:22 of 1st period - Stopped by Jordan Binnington with a rebound. 17:39 of 1st period - Off-side. 17:40 of 1st period - Sean Kuraly wins face-off versus Ryan Strome in neutral zone. 19:34 of 1st period - Shot by Travis Zajac. 19:34 of 1st period - Shot Misses the Net. 19:36 of 1st period - Shot by Michael Raffl. 19:36 of 1st period - Shot Misses the Net. 19:38 of 1st period - Shot by Jason Dickinson. 19:38 of 1st period - Shot Misses the Net. 19:42 of 1st period - Shot by Jason Dickinson. 19:42 of 1st period - Stopped by Jordan Binnington without a rebound. 19:43 of 1st period - Derick Brassard wins face-off versus David Krejci in SASKATOON DUCKS zone. 19:43 of 1st period - Derick Brassard is hit by Brandon Tanev. Goals for this period are 0 for WINNIPEG BEAVERS vs 1 for SASKATOON DUCKS. Shots for this period are 7 for WINNIPEG BEAVERS vs 5 for SASKATOON DUCKS. 2nd period 0:01 of 2nd period - Ondrej Palat wins face-off versus Jake Guentzel in neutral zone. 0:16 of 2nd period - Shot by David Krejci. 0:16 of 2nd period - Shot Hit the Post. 1:51 of 2nd period - Shot by Travis Zajac. 1:51 of 2nd period - Deflect By Jason Dickinson. 1:51 of 2nd period - Stopped by Jordan Binnington without a rebound. 1:52 of 2nd period - Derick Brassard wins face-off versus Sean Kuraly in SASKATOON DUCKS zone. 2:15 of 2nd period - Shot by Derick Brassard. 2:15 of 2nd period - Goal by Derick Brassard - WINNIPEG BEAVERS : 0 - SASKATOON DUCKS : 2. 2:16 of 2nd period - Travis Zajac wins face-off versus Derick Brassard in neutral zone. 2:27 of 2nd period - Icing by Dylan DeMelo. 2:28 of 2nd period - Ryan Strome wins face-off versus Travis Zajac in WINNIPEG BEAVERS zone. 2:28 of 2nd period - Ryan Strome is hit by Dylan DeMelo. 2:32 of 2nd period - Shot by Ryan Strome. 2:32 of 2nd period - Shot Blocked by Dylan DeMelo. 3:16 of 2nd period - Icing by Anthony Duclair. 3:17 of 2nd period - David Krejci wins face-off versus Anthony Duclair in SASKATOON DUCKS zone. 3:18 of 2nd period - Shot by Ondrej Palat. 3:18 of 2nd period - Shot Misses the Net. 3:58 of 2nd period - Shot by Sidney Crosby. 3:58 of 2nd period - Stopped by Logan Thompson without a rebound. 3:59 of 2nd period - Sidney Crosby wins face-off versus Joe Pavelski in WINNIPEG BEAVERS zone. 4:00 of 2nd period - Shot by Jake Guentzel. 4:00 of 2nd period - Stopped by Logan Thompson with a rebound. 4:02 of 2nd period - Shot by Sidney Crosby. 4:02 of 2nd period - Shot Blocked by Ian Cole. 4:22 of 2nd period - Shot by Brad Marchand. 4:22 of 2nd period - Stopped by Jordan Binnington without a rebound. 4:23 of 2nd period - Derick Brassard wins face-off versus Travis Zajac in SASKATOON DUCKS zone. 4:34 of 2nd period - Shot by Blake Comeau. 4:34 of 2nd period - Stopped by Logan Thompson without a rebound. 4:35 of 2nd period - Ryan Strome wins face-off versus Joe Pavelski in WINNIPEG BEAVERS zone. 4:36 of 2nd period - Shot by Artemi Panarin. 4:36 of 2nd period - Shot Misses the Net. 4:38 of 2nd period - Shot by Samuel Girard. 4:38 of 2nd period - Stopped by Logan Thompson without a rebound. 4:39 of 2nd period - Joe Pavelski wins face-off versus Ryan Strome in WINNIPEG BEAVERS zone. 4:48 of 2nd period - Shot by Joe Pavelski. 4:48 of 2nd period - Shot Blocked by Samuel Girard. 4:50 of 2nd period - Shot by Brad Marchand. 4:50 of 2nd period - Stopped by Jordan Binnington without a rebound. 4:51 of 2nd period - Sidney Crosby wins face-off versus David Krejci in SASKATOON DUCKS zone. 4:53 of 2nd period - Icing by William Nylander. 4:54 of 2nd period - Joe Pavelski wins face-off versus Sidney Crosby in SASKATOON DUCKS zone. 5:17 of 2nd period - Shot by Brad Marchand. 5:17 of 2nd period - Deflect By Joe Pavelski. 5:17 of 2nd period - Stopped by Jordan Binnington without a rebound. 5:18 of 2nd period - Ryan Strome wins face-off versus Brandon Tanev in SASKATOON DUCKS zone. 5:18 of 2nd period - Ryan Strome is hit by Brandon Tanev. 5:26 of 2nd period - Shot by Ryan Strome. 5:26 of 2nd period - Shot Misses the Net. 5:34 of 2nd period - Shot by Ryan Strome. 5:34 of 2nd period - Stopped by Logan Thompson with a rebound. 5:38 of 2nd period - Shot by Anthony Duclair. 5:38 of 2nd period - Stopped by Logan Thompson without a rebound. 5:39 of 2nd period - Travis Zajac wins face-off versus Jake Guentzel in WINNIPEG BEAVERS zone. 5:58 of 2nd period - Shot by Jake Guentzel. 5:58 of 2nd period - Stopped by Logan Thompson without a rebound. 5:59 of 2nd period - Joe Pavelski wins face-off ver